[Event "2009 US Junior Invitational "]
[Site "Milwaukee"]
[Date "2009.07.15"]
[Round "6"]
[White "Lenderman, Alex"]
[Black "Robson, Ray"]
[Result "0-1"]
[ECO "A07"]
[WhiteElo "2654"]
[BlackElo "2553"]
[PlyCount "88"]
[EventDate "2009.??.??"]
[EventCountry "USA"]
[TimeControl "5400+30"]

1. Nf3 d5 2. g3 c6 3. Bg2 Bg4 4. O-O Nd7 5. d3 Ngf6 6. c4 e5 7. cxd5 Nxd5 8.
Nc3 N5f6 9. a3 a5 10. Be3 Be7 11. h3 Bh5 12. Qb3 Qc8 13. Rfc1 O-O 14. Na4 Nd5
15. Bd2 Ra6 16. g4 Bg6 17. Nxe5 Nxe5 18. Bxd5 h5 19. f4 Nxg4 20. hxg4 Qxg4+ 21.
Bg2 Qxe2 22. Qxb7 Bh4 23. Be1 Qe3+ 24. Kh1 Bxe1 25. Rxe1 Qxf4 26. Rf1 Qh4+ 27.
Kg1 Bxd3 28. Rf3 Bb5 29. Rd1 Be2 30. Nc3 Bxf3 31. Bxf3 Qg3+ 32. Bg2 Qe3+ 33.
Kh1 Rb6 34. Qa7 Qf2 35. Rf1 Qh4+ 36. Kg1 Rxb2 37. Nd1 Rd2 38. Ne3 Qg3 39. Kh1
Qh4+ 40. Kg1 Qg3 41. Kh1 Re2 42. Rf3 Qh4+ 43. Kg1 Qg5 44. Kh1 c5 {Black wins}
0-1

[Event "2009 US Junior Invitational "]
[Site "Milwaukee"]
[Date "2009.07.16"]
[Round "7"]
[White "Robson, Ray"]
[Black "Bercys, Salvijus"]
[Result "1/2-1/2"]
[ECO "C92"]
[WhiteElo "2553"]
[BlackElo "2503"]
[PlyCount "31"]
[EventDate "2009.??.??"]
[EventCountry "USA"]
[TimeControl "5400+30"]

1. e4 e5 2. Nf3 Nc6 3. Bb5 a6 4. Ba4 Nf6 5. O-O Be7 6. Re1 b5 7. Bb3 d6 8. c3
O-O 9. h3 Nd7 10. d4 Bf6 11. a4 Rb8 12. axb5 axb5 13. Be3 Ne7 14. Ng5 h6 15.
Bxf7+ Rxf7 16. Ne6 {Game drawn} 1/2-1/2

[Event "2009 US Junior Invitational "]
[Site "Milwaukee"]
[Date "2009.07.16"]
[Round "7"]
[White "Shankland, Sam"]
[Black "Lenderman, Alex"]
[Result "1/2-1/2"]
[ECO "D30"]
[WhiteElo "2564"]
[BlackElo "2654"]
[PlyCount "77"]
[EventDate "2009.??.??"]
[EventCountry "USA"]
[TimeControl "5400+30"]

1. d4 d5 2. c4 e6 3. Nf3 Nf6 4. g3 Bb4+ 5. Bd2 Be7 6. Bg2 c6 7. Qc2 O-O 8. O-O
b6 9. Rd1 Bb7 10. Nc3 dxc4 11. Ne5 Qxd4 12. Bf4 Qc5 13. Na4 Qb4 14. a3 Qb3 15.
Qxc4 Qxc4 16. Nxc4 Ba6 17. Ne5 Nd5 18. Nc3 Nxc3 19. bxc3 Bxe2 20. Rd2 Ba6 21.
Nd7 Nxd7 22. Rxd7 Bf6 23. Bxc6 Rac8 24. Rxa7 Rxc6 25. Rxa6 Rxc3 26. Rd1 Be7 27.
Rxb6 Bxa3 28. Rb7 Rc2 29. Be3 h6 30. Rdd7 Rcc8 31. Ra7 Bc5 32. Bxc5 Rxc5 33.
Kg2 Rf5 34. h4 h5 35. Re7 g6 36. Rab7 Re5 37. Ra7 Re1 38. Rab7 Kg7 39. Ra7 {
Game drawn} 1/2-1/2

[Event "2009 US Junior Invitational "]
[Site "Milwaukee"]
[Date "2009.07.16"]
[Round "7"]
[White "Lee, Michael"]
[Black "Banawa, Joel"]
[Result "1-0"]
[ECO "D31"]
[WhiteElo "2384"]
[BlackElo "2392"]
[PlyCount "73"]
[EventDate "2009.??.??"]
[EventCountry "USA"]
[TimeControl "5400+30"]

1. c4 e6 2. Nc3 d5 3. d4 c6 4. e4 dxe4 5. Nxe4 Bb4+ 6. Bd2 Qxd4 7. Bxb4 Qxe4+
8. Be2 Na6 9. Ba5 b6 10. Qd6 bxa5 11. Rd1 f6 12. f3 Qg6 13. Qxc6+ Kf7 14. Qxa8
Qxg2 15. Qxc8 Qxh1 16. Kf1 Qxh2 17. Rd7+ Kg6 18. Qxa6 Qe5 19. Qd6 Qxd6 20. Rxd6
Ne7 21. Rxe6 Kf7 22. Ra6 h5 23. c5 Rc8 24. Rxa5 Nc6 25. Ra4 g5 26. Bb5 Ne7 27.
b4 Rb8 28. Bc4+ Kg6 29. b5 Rb7 30. c6 Rc7 31. Bd3+ Kf7 32. Rd4 Ke8 33. Rd6 Ng8
34. Bc4 Ke7 35. Re6+ Kf7 36. a4 Ne7 37. Rd6+ {White wins} 1-0

[Event "2009 US Junior Invitational "]
[Site "Milwaukee"]
[Date "2009.07.16"]
[Round "7"]
[White "Coleman, Maxx"]
[Black "Liu, Elliott"]
[Result "1/2-1/2"]
[ECO "B41"]
[WhiteElo "2182"]
[BlackElo "2405"]
[PlyCount "77"]
[EventDate "2009.??.??"]
[EventCountry "USA"]
[TimeControl "5400+30"]

1. e4 c5 2. Nf3 e6 3. d4 cxd4 4. Nxd4 Nf6 5. Nc3 Bb4 6. Bd3 Nc6 7. Nxc6 dxc6 8.
O-O e5 9. Ne2 Bc5 10. Ng3 Be6 11. Qe2 Bg4 12. Qe1 h5 13. h3 Be6 14. Be3 Qb6 15.
Bxc5 Qxc5 16. Ne2 a5 17. a3 a4 18. Qb4 Nd7 19. Qxb7 O-O 20. Qb4 Rfb8 21. Qd2
Rxb2 22. Qg5 Nf6 23. Ng3 Qd4 24. Rfd1 c5 25. Be2 Qc3 26. Rd3 Qxc2 27. Rf3 Nxe4
28. Nxe4 Qxe4 29. Rg3 Rb1+ 30. Kh2 g6 31. Bd3 Qxd3 32. Rxd3 Rxa1 33. Qxe5 Rc1
34. Rg3 Kh7 35. Rg5 Rc4 36. f4 Rd4 37. Qxc5 Rad8 38. Qe7 Kg7 39. Rg3 {
Game drawn} 1/2-1/2